 Dungeon Crawl Stone Soup version 0.30.0-18-gc0e69614cb (webtiles) character file.

Game seed: 13907282861643619203

59 Peloso the Shield-Bearer (level 3, 0/33 HPs)
             Began as a Minotaur Fighter on May 25, 2023.
             Succumbed to an adder's poison
             ... on level 1 of the Dungeon.
             The game lasted 00:04:29 (1069 turns).

Peloso the Shield-Bearer (Minotaur Fighter)         Turns: 1069, Time: 00:04:30

Health: 0/33       AC:  7    Str: 20    XL:     3   Next: 78%
Magic:  2/2        EV:  9    Int:  5    God:
Gold:   69         SH:  5    Dex: 11    Spells: 2/2 levels left

rFire   . . .        a - +0 long sword
rCold   . . .        c - +0 buckler
rNeg    . . .        b - +0 scale mail
rPois   .            (helmet restricted)
rElec   .            (no cloak)
rCorr   .            (no gloves)
SInv    .            (no boots)
Will    .....        (no amulet) Stlth
                     (no ring)
HPRegen 0.25/turn    (no ring)
MPRegen 0.08/turn

%: no passive effects
@: lethally poisoned (0 -> -1)
A: horns 2, retaliatory headbutt
a: no special abilities


You were on level 1 of the Dungeon.
You visited 1 branch of the dungeon, and saw 2 of its levels.

You collected 69 gold pieces.

Inventory:

Hand Weapons
 a - a +0 long sword (weapon)
Armour
 b - a +0 scale mail (worn)
 c - a +0 buckler (worn)
Jewellery
 g - a ring of fire
Scrolls
 e - a scroll of identify {unknown}
Potions
 d - 3 potions of might


   Skills:
 + Level 4.1 Fighting
 + Level 3.2 Long Blades
 + Level 4.2 Armour
 + Level 0.3 Dodging
 + Level 4.4 Shields


You had 2 spell levels left.
You didn't know any spells.
Your spell library contained the following spells:

 Spells                   Type           Power      Damage    Failure   Level
 Kiss of Death            Conj/Necr      0%         2d5       88%         1


Dungeon Overview and Level Annotations

Branches:
Dungeon (2/15)

Altars:


Innate Abilities, Weirdness & Mutations

You have a pair of horns on your head.
You reflexively headbutt those who attack you in melee.


Message History

The ball python bites you. The ball python constricts you.
The goblin barely misses you. The jackal barely misses you.
The adder closely misses you.
Unknown command.
You completely miss the adder.
The adder is moderately wounded.
The ball python closely misses you. You furiously retaliate!
You headbutt the ball python.
You kill the ball python!
The jackal barely misses you. You furiously retaliate!
You headbutt the jackal.
You kill the jackal!
The adder barely misses you. The goblin barely misses you.
You furiously retaliate!
You headbutt the goblin!
You kill the goblin!
You closely miss the adder.
The adder is moderately wounded.
The adder bites you.
* * * LOW HITPOINT WARNING * * *
You are poisoned.
The adder poisons you! The hobgoblin hits you.
* * * LOW HITPOINT WARNING * * *
The adder closely misses you. You furiously retaliate!
You headbutt the adder!
You kill the adder!
Unknown command.
* * * LOW HITPOINT WARNING * * *
You feel sick. You block the hobgoblin's attack.
You see here an adder corpse.
The hobgoblin attacks as you move away!
The hobgoblin hits you but does no damage.
You feel a little less clever now.
* * * LOW HITPOINT WARNING * * *
You feel sick.
Okay, then.
You barely miss the hobgoblin.
* * * LOW HITPOINT WARNING * * *
You feel sick. The hobgoblin hits you.
* * * LOW HITPOINT WARNING * * *
The hobgoblin hits you but does no damage.
You barely miss the hobgoblin.
You die...

### ### ##########.#
#.###### # #..........#
#......# # #.########.#
#.####.# # #.#......#.# #.#
#.# # #.#.####.#.#
#.####.###### #.#.# #.#.#
##.#.......... #.#.# #.#@#
#......[...... #.#.#
#.#g###..##......... #.#.#
#.#>†..)...#P.......
#.#.####.#†).#..##.#...(...
#.#......###.)..PP#P#..####
#...#...........##.#.#.#...
#..............^.#.#P#.#.##
#...#.##........_#.#.#.#.##
#...#.##.........#P#P#.....


You could see a hobgoblin.

Vanquished Creatures
  2 adders
  4 ball pythons (D:1)
  3 bats (D:1)
  An endoplasm (D:1)
  3 giant cockroaches (D:1)
  2 goblins (D:1)
  2 hobgoblins (D:1)
  6 jackals
  2 quokkas (D:1)
  A frilled lizard (D:1)
  3 kobolds (D:1)
  11 rats (D:1)
40 creatures vanquished.

Notes
Turn   | Place    | Note
-------+----------+-------------------------------------------
     0 | D:1      | Peloso the Minotaur Fighter began the quest for the Orb.
     0 | D:1      | Reached XP level 1. HP: 19/19 MP: 0/0
   191 | D:1      | Reached XP level 2. HP: 27/27 MP: 1/1
   195 | D:1      | Found a faded altar of an unknown god.
   219 | D:1      | Got Plato's Compilation of Blasphemous Secrets
   431 | D:1      | Reached XP level 3. HP: 33/33 MP: 2/2
  1068 | D:1      | HP: 1/33 [hobgoblin (1)]
  1069 | D:1      | Succumbed to an adder's poison

Illustrated notes

Levels and vault maps discovered:
D:1:      psy_arrival_terrarium, layout_basic,
          shapermc_ecumenical_altar_rom_forum, minmay_rat_gold_closets
D:2:      layout_basic, minmay_goblin_outpost, uniq_sigmund

Skill      XL: |  1  2  3 |
---------------+----------+-----
Shields        | 4 |  4.4
Fighting       | 4 |  4.1
Armour         | 4 |  4.2
Long Blades    | 3 |  3.2
Dodging        | |  0.3

Action                     || total
---------------------------++-------
  Melee: Long sword        ||    80
         Headbutt          ||    10
    Use: Potion            ||     1
 Armour: Scale mail        ||    64
  Dodge: Dodged            ||    55
  Block: Buckler           ||    17
